 Dungeon Crawl Stone Soup version 0.20.1-1-g8b1a95d (webtiles) character file.

3072 MrModeste the Covert (level 9, -5/41 HPs)
             Began as a Spriggan Assassin on July 10, 2017.
             Was a Believer of Dithmenos.
             Slain by a warg (15 damage)
             ... on level 8 of the Dungeon.
             The game lasted 01:09:14 (13309 turns).

MrModeste the Covert (Spriggan Assassin)           Turns: 13309, Time: 01:09:14

Health: -5/41      AC:  3    Str:  7    XL:     9   Next: 58%
Magic:  10/10      EV: 17    Int: 13    God:    Dithmenos [**....]
Gold:   264        SH:  0    Dex: 20    Spells: 8/8 levels left

rFire    . . .     SeeInvis +   b - +0 blowgun
rCold    . . .     Gourm    .   (shield restricted)
rNeg     . . .     Faith    .   c - +0 robe
rPois    .         Spirit   .   (helmet restricted)
rElec    .         Reflect  .   d - +0 cloak
rCorr    .         Harm     .   (gloves unavailable)
MR       +....                  (boots unavailable)
Stlth    +++++++...             (no amulet)
Regen    0.2/turn               p - ring of ice {rC+, rF-}
MPRegen  0.2/turn               I - ring of fire {rF+, rC-}

@: wreathed by umbra, very quick
A: unfitting armour, see invisible, herbivore 3, speed 3, slow metabolism 2
a: Shadow Step, Renounce Religion


You were on level 8 of the Dungeon.
You worshipped Dithmenos.
Dithmenos was pleased with you.
You were not hungry.

You visited 2 branches of the dungeon, and saw 9 of its levels.

You collected 264 gold pieces.

Inventory:

Hand Weapons
 a - a +2 dagger of electrocution
 b - a +0 blowgun (weapon)
 f - a +0 hunting sling
Missiles
 K - 2 tomahawks (quivered)
Armour
 c - a +0 robe (worn)
 d - a +0 cloak (worn)
 l - a scarf of cloud immunity
Jewellery
 p - a ring of ice (left hand) {rC+, rF-}
 y - an uncursed ring of flight
 I - a ring of fire (right hand) {rF+, rC-}
Scrolls
 h - 2 scrolls of fog {unknown}
 i - 6 scrolls of remove curse {unknown}
 m - 2 scrolls of magic mapping {unknown}
 o - 6 scrolls of teleportation {unknown}
 r - a scroll of blinking {unknown}
 v - 11 scrolls of identify {unknown}
 w - 2 scrolls of random uselessness {unknown}
 x - 3 scrolls of immolation {unknown}
 B - 3 scrolls of amnesia {unknown}
 C - a scroll of noise {unknown}
 E - 4 scrolls of recharging {unknown}
 F - a scroll of enchant weapon {unknown}
 G - a scroll of summoning {unknown}
 L - a scroll of enchant armour {unknown}
Potions
 j - 3 potions of haste {unknown}
 k - 3 potions of brilliance {unknown}
 s - 2 potions of mutation {unknown}
 t - a potion of lignification {unknown}
 u - 3 potions of might {unknown}
 z - a potion of flight {unknown}
 A - a potion of berserk rage {unknown}
 D - a potion of agility {unknown}
 H - a potion of invisibility {unknown}
 J - a potion of curing
Books
 M - a book of Enchantments
Comestibles
 g - 3 bread rations
 n - 4 royal jellies
 q - 16 fruits


   Skills:
 - Level 1.5 Fighting
 + Level 7.6 Short Blades
 - Level 10.0 Throwing
 - Level 1.5 Dodging
 - Level 11.2 Stealth


You had 8 spell levels left.
You didn't know any spells.

Dungeon Overview and Level Annotations

Branches:
Dungeon (8/15)             Temple (1/1) D:4            Lair (0/6) D:8

Altars:
Cheibriados
Dithmenos
Elyvilon
Fedhas
Gozag
Hepliaklqana
Kikubaaqudgha
Makhleb
Nemelex Xobeh
Qazlal
Trog
Vehumet
Xom
Zin
The Shining One

Annotations:
D:8 exclusion: Erica, Erica


Innate Abilities, Weirdness & Mutations

You are very small and have problems with some larger weapons.
You are too small for most types of armour.
You have supernaturally acute eyesight. (SInv)
You are a herbivore.
You cover ground extremely quickly.
You need consume almost no food.


Message History

The poisoned needle hits the hippogriff!!
The hippogriff looks as sick as possible!
Aim: a warg (umbra)
You shoot a poisoned needle. The poisoned needle hits the warg!
The warg bites you!
* * * LOW HITPOINT WARNING * * *
You take 8 damage, and have 9/41 hp.
A howler monkey comes into view.
Found an escape hatch in the floor.
Aim: a warg (umbra)
You throw a tomahawk. The tomahawk closely misses the warg.
The tomahawk hits the hippogriff but does no damage.
Aim: a warg (umbra)
You throw a tomahawk. The tomahawk closely misses the warg.
The howler monkey howls!
The howler monkey hoots and howls with incredible vigour!
You hear a shout!
The howler monkey hoots and howls with incredible vigour!
The warg bites you!
You die...

############ ##
#..h......(###.###
#..>.).....##....
#..........##..#
#..@..H.....#.#
#...h...o.....#
##########..(.#
####.# #.##
######## #..#####
##..(...##
#.....#.
##.(...(..##
#.....#.
#(.........#
#.(.....


You could see a hippogriff, a warg, an orc warrior and a howler monkey.

Vault maps used:
D:1:      ldierk_walled_garden_2
D:2:      serial_forest, infiniplex_forest_corner_1, infiniplex_forest_corner_1,
          infiniplex_forest_corner_1, infiniplex_forest_lined_2,
          infiniplex_forest_straight_3, infiniplex_forest_lined_3,
          infiniplex_forest_lined_corner, infiniplex_forest_straight_4,
          infiniplex_forest_diagonal, infiniplex_forest_end_3, fedhas_altar_3
D:3:      kennysheep_six_static_rooms, st_stairs_14
D:4:      kennysheep_the_goblin_king, minmay_temple_entry_statues_fountains,
          first_bread, serial_glass, glass_columns_b, glass_columns_a,
          nemelex_diamond_rough_becter, uniq_natasha, uniq_eustachio
D:5:      kennysheep_generic_room_2, uniq_duvessa, uniq_pikel
D:6:      lemuel_coloured_pillars_altar, nicolae_overflow_hidden_temple,
          st_stairs_5, serial_bayou_ford_a, glass_columns_a,
          uniq_crazy_yiuf_cottage
D:8:      grunt_temple_overflow_cloverleaf, nemelex_altar_shiori,
          erik_lair_orcish_takeover, serial_shops, kennysheep_mini_moat,
          uniq_erica, uniq_grum, uniq_joseph, uniq_maurice
Temple:   chequers_temple_sunken

Notes
Turn   | Place    | Note
-------+----------+-------------------------------------------
     0 | D:1      | MrModeste the Spriggan Assassin began the quest for the Orb.
     0 | D:1      | Reached XP level 1. HP: 10/10 MP: 2/2
   513 | D:1      | Identified a scarf of cloud immunity (You found it on level 1 of the Dungeon)
   806 | D:1      | Identified a +0 blowgun
   814 | D:1      | Reached skill level 3 in Short Blades
   814 | D:1      | Reached XP level 2. HP: 14/14 MP: 3/3
   905 | D:1      | Identified a +2 dagger
  1390 | D:2      | Reached XP level 3. HP: 18/18 MP: 4/4
  1505 | D:2      | Reached skill level 4 in Short Blades
  1852 | D:2      | Reached XP level 4. HP: 22/22 MP: 5/5
  1954 | D:2      | Found a blossoming altar of Fedhas.
  2270 | D:3      | Reached skill level 5 in Short Blades
  2481 | D:3      | HP: 1/22 [gnoll/whip (6)]
  2887 | D:3      | Noticed QuadDamage's ghost (amateur OpTm)
  2993 | D:3      | Killed QuadDamage's ghost
  2993 | D:3      | Reached skill level 4 in Throwing
  2993 | D:3      | Reached XP level 5. HP: 25/25 MP: 6/6
  3221 | D:3      | HP: 6/25 [orc priest/falchion of holy wrath (6)]
  3228 | D:3      | Reached XP level 6. HP: 8/30 MP: 7/7
  4106 | D:3      | Identified a +0 cloak
  4231 | D:3      | Reached skill level 5 in Throwing
  4352 | D:3      | Reached skill level 6 in Stealth
  4481 | D:4      | Found a staircase to the Ecumenical Temple.
  4497 | Temple   | Entered the Ecumenical Temple
  4525 | Temple   | Became a worshipper of Dithmenos the Shadowed
  4678 | D:4      | Reached skill level 7 in Stealth
  4946 | D:4      | Noticed Natasha
  4973 | D:4      | Killed Natasha
  5057 | D:4      | Noticed Eustachio
  5092 | D:4      | Noticed Natasha
  5249 | D:4      | Reached skill level 8 in Stealth
  5293 | D:4      | Reached XP level 7. HP: 9/33 MP: 8/8
  5893 | D:4      | Found a sparkling altar of Nemelex Xobeh.
  6105 | D:4      | Reached skill level 9 in Stealth
  6316 | D:4      | Killed Eustachio
  6316 | D:4      | Reached skill level 10 in Stealth
  6692 | D:4      | Reached * piety under Dithmenos
  6849 | D:4      | Killed Natasha
  6849 | D:4      | Reached skill level 11 in Stealth
  6979 | D:4      | Noticed Natasha
  7019 | D:4      | Killed Natasha
  7331 | D:5      | Entered Level 5 of the Dungeon
  7785 | D:5      | Noticed Dowan
  7815 | D:5      | Killed Dowan
  7815 | D:5      | Reached XP level 8. HP: 37/37 MP: 9/9
  7893 | D:5      | Noticed Pikel
  8303 | D:5      | Killed Pikel
  8303 | D:5      | Reached skill level 7 in Throwing
  8460 | D:5      | Noticed Duvessa
  8559 | D:5      | Killed Duvessa
  8559 | D:5      | Reached skill level 8 in Throwing
  8864 | D:5      | Identified a ring of ice (You found it on level 2 of the Dungeon)
  8865 | D:5      | Identified a ring of flight (You found it on level 3 of the Dungeon)
  8904 | D:5      | Identified a +0 hunting sling (You found it on level 5 of the Dungeon)
 10091 | D:6      | Reached ** piety under Dithmenos
 10292 | D:6      | Found a snail-covered altar of Cheibriados.
 10421 | D:6      | Found an opulent altar of Gozag.
 10545 | D:6      | Reached skill level 9 in Throwing
 10545 | D:6      | Reached XP level 9. HP: 41/41 MP: 10/10
 10649 | D:6      | Found a runed door.
 10653 | D:6      | Noticed Crazy Yiuf
 10669 | D:6      | Killed Crazy Yiuf
 11091 | D:7      | Reached skill level 6 in Short Blades
 11220 | D:7      | Identified a ring of fire (You found it on level 6 of the Dungeon)
 11221 | D:7      | Identified a +2 dagger of electrocution (You found it on level 6 of the Dungeon)
 11578 | D:7      | HP: 10/41 [poisoned by a killer bee]
 11583 | D:7      | HP: 9/41 [poisoned by a killer bee]
 11590 | D:7      | HP: 7/41 [poisoned by a killer bee]
 11597 | D:7      | HP: 6/41 [poisoned by a killer bee]
 11605 | D:7      | HP: 5/41 [poisoned by a killer bee]
 11639 | D:7      | HP: 1/41 [orc priest/divine providence (7)]
 12095 | D:7      | Reached skill level 7 in Short Blades
 12591 | D:8      | Found a staircase to the Lair.
 12742 | D:7      | Reached skill level 10 in Throwing
 12888 | D:8      | Noticed Erica
 12891 | D:8      | HP: 8/41 [orc wizard/magic dart (4)]
 12914 | D:7      | HP: 2/41 [orc wizard/magic dart (8)]
 13298 | D:8      | HP: 9/41 [warg (8)]
 13309 | D:8      | Slain by a warg

Table legend:
 A = Turns spent in this place as a percentage of turns spent in the entire game.
 B = Non-inter-level travel turns spent in this place as a percentage of non-inter-level travel turns spent in the entire game.
 C = Inter-level travel turns spent in this place as a percentage of turns spent in this place.
 D = Turns resting spent in this place as a percentage of non-inter-level travel turns spent in this place.
 E = Turns spent auto-exploring this place as a percentage of non-inter-level travel turns spent in this place.
 F = Non-inter-level travel turns spent in this place divided by the number of levels of this place that you've seen.
                   A       B       C       D       E      F
               +-------+-------+-------+-------+-------+----------------------
         Total | 100.0 | 100.0 |   0.6 |   0.0 |   5.4 | 458.9
       Dungeon |  98.7 |  98.7 |   0.6 |   0.0 |   5.3 | 509.5
        Temple |   1.3 |   1.3 |   0.0 |   0.0 |   9.3 |  54.0
               +-------+-------+-------+-------+-------+----------------------

Table legend:
 A = Kills in this place as a percentage of kills in entire the game.
 B = Kills by you in this place as a percentage of kills by you in the entire game.
 C = Kills by friends in this place as a percentage of kills by friends in the entire game.
 D = Other kills in this place as a percentage of other kills in the entire game.
 E = Experience gained in this place as a percentage of experience gained in the entire game.
 F = Experience gained in this place divided by the number of levels of this place that you have seen.
                   A       B       C       D       E      F
               +-------+-------+-------+-------+-------+----------------------
         Total | 100.0 | 100.0 |  -nan | 100.0 | 100.0 | 487.7
       Dungeon | 100.0 | 100.0 |  -nan | 100.0 | 100.0 | 548.6
               +-------+-------+-------+-------+-------+----------------------

Skill      XL: |  1  2  3  4  5  6  7  8  9 |
---------------+----------------------------+-----
Short Blades   | 3 4 5 7 |  7.6
Throwing       | 4 5 9 10 | 10.0
Stealth        | 8 11 | 11.2
Fighting       | |  1.5
Dodging        | |  1.5

Action                   |  1- 3 |  4- 6 |  7- 9 || total
-------------------------+-------+-------+-------++-------
Melee: Dagger            |    21 |   115 |   177 ||   313
 Fire: Blowgun           |    35 |    45 |   220 ||   300
       Hunting sling     |       |       |    44 ||    44
Throw: Stone             |     2 |   169 |    42 ||   213
       Throwing net      |       |       |     1 ||     1
       Tomahawk          |       |       |    14 ||    14
 Stab: Sleeping          |     3 |     3 |    17 ||    23
  Eat: Bread ration      |       |     1 |       ||     1
       Royal jelly       |       |       |     1 ||     1
Armor: Robe              |     2 |     4 |    16 ||    22
Dodge: Dodged            |    13 |    91 |   187 ||   291

Vanquished Creatures
  Pikel (D:5)
  Eustachio (D:4)
  A warg (D:8)
  Duvessa (D:5)
  A water moccasin (D:7)
  3 ice beasts
  4 slaves (D:5)
  An ogre (D:4)
  A centaur (D:5)
  The ghost of QuadDamage the Changer, an amateur OpTm (D:3)
  2 bullfrogs (D:7)
  A water moccasin zombie (D:7)
  Dowan (D:5)
  A water moccasin skeleton (D:4)
  3 killer bees (D:7)
  A howler monkey (D:5)
  An electric eel (D:6)
  A crimson imp (D:7)
  3 hounds
  7 orc wizards
  3 orc priests
  2 bullfrog skeletons (D:5)
  A centaur skeleton (D:6)
  An iguana (D:6)
  Crazy Yiuf (D:6)
  Natasha (thrice) (D:4)
  7 worker ants
  A hound zombie (D:3)
  2 hound skeletons
  A worker ant zombie (D:5)
  9 adders
  8 gnolls
  2 shadow imps
  2 adder zombies (D:6)
  2 adder skeletons (D:4)
  A worm (D:5)
  3 dart slugs
  6 leopard geckos
  14 orcs
  4 bats
  A giant cockroach (D:1)
  13 goblins
  9 hobgoblins
  10 jackals
  6 quokkas
  7 frilled lizards
  6 kobolds
  2 quokka skeletons (D:7)
  7 rats
170 creatures vanquished.

Vanquished Creatures (others)
  An orc wizard (D:7)
  4 toadstools (D:1)
5 creatures vanquished.

Grand Total: 175 creatures vanquished
